 Dungeon Crawl Stone Soup version 0.22-a0-542-gce4f928 (webtiles) character file.

11382 kae the Martial Artist (level 11, -1/84 HPs)
             Began as a Demonspawn Transmuter on June 24, 2018.
             Was an Elder of Okawaru.
             Slain by a crocodile (10 damage)
             ... on level 1 of the Lair of Beasts.
             The game lasted 00:14:37 (14402 turns).

kae the Martial Artist (Demonspawn Transmuter)     Turns: 14402, Time: 00:14:38

Health: -1/84      AC: 18    Str: 10    XL:     11   Next: 48%
Magic:  30/30      EV:  7    Int: 17    God:    Okawaru [****..]
Gold:   312        SH:  0    Dex: 17    Spells: 17/23 levels left

rFire    . . .     SeeInvis .     - Unarmed
rCold    + . .     Gourm    .   (no shield)
rNeg     + . .     Faith    .   x - +5 chain mail of Esih {rPois Int+2}
rPois    +         Spirit   .   (no helmet)
rElec    .         Reflect  .   (no cloak)
rCorr    +         Harm     .   (no gloves)
MR       .....                  (boots currently unavailable)
Stlth    ..........             (no amulet)
HPRegen  0.24/turn              i - ring of magical power
MPRegen  0.22/turn              p - ring of positive energy

@: appendage (expiring), heroism
A: claws 1, talons 3, yellow scales 3, cold resistance 1, freezing cloud
immunity
a: End Transformation, Heroism, Renounce Religion


You were on level 1 of the Lair of Beasts.
You worshipped Okawaru.
Okawaru was greatly pleased with you.
You were not hungry.
You had grown temporary talons.
You visited 3 branches of the dungeon, and saw 13 of its levels.

You collected 808 gold pieces.
You spent 496 gold pieces at shops.

Inventory:

Missiles
 a - 115 arrows
Armour
 b - a +1 buckler of protection
 m - a +3 leather armour
 x - the +5 chain mail of Esih (worn) {rPois Int+2}
   (You bought it in a shop on level 8 of the Dungeon)

   It affects your intelligence (+2).
   It protects you from poison.
 D - a +2 robe of magic resistance
Jewellery
 i - a ring of magical power (left claw)
 j - an uncursed amulet of harm
 p - a ring of positive energy (right claw)
 w - the ring "Koqoekk" {rElec rF+++ rC- Str+3 Int-5}
   (You bought it in a shop on level 8 of the Dungeon)

   [ring of strength]

   It affects your strength (+3).
   It affects your intelligence (-5).
   It renders you almost immune to fire.
   It makes you vulnerable to cold.
   It insulates you from electricity.
 E - a cursed ring of loudness {unknown}
 F - a +3 amulet of reflection {unknown}
Wands
 c - a wand of paralysis (6)
 C - a wand of scattershot (7)
Scrolls
 f - a scroll of immolation
 g - 5 scrolls of remove curse
 n - 4 scrolls of magic mapping
 t - 5 scrolls of identify
 u - 2 scrolls of enchant armour
 y - a scroll of noise
 A - a scroll of fog
 B - a scroll of amnesia
 G - a scroll of teleportation
Potions
 e - 6 potions of resistance
 k - a potion of curing
 l - 2 potions of ambrosia {unknown}
 o - 4 potions of agility {unknown}
 q - 2 potions of cancellation
 r - 2 potions of haste
 s - a potion of might {unknown}
 v - 2 potions of brilliance {unknown}
Comestibles
 d - 21 rations
 h - 2 chunks of flesh


   Skills:
 + Level 7.2(12.2) Fighting
 - Level 1.7(6.7) Dodging
 * Level 9.7(14.7) Unarmed Combat
 + Level 6.8 Spellcasting
 * Level 9.5 Transmutations
 + Level 7.1 Invocations


You had 17 spell levels left.
You knew the following spells:

 Your Spells              Type           Power        Failure   Level  Hunger
a - Beastly Appendage     Tmut           #####.       12%         1    None
b - Sticks to Snakes      Tmut           #####...     19%         2    None
c - Spider Form           Tmut/Pois      ###.......   95%         3    ##.....

Your spell library contained the following spells:

 Spells                   Type           Power        Failure   Level  Hunger
 Blade Hands              Tmut           #####.....   98%         5    #####..
 Ice Form                 Ice/Tmut       ###.....     100%        4    ####...


Dungeon Overview and Level Annotations

Branches:
Dungeon (11/15)            Temple (1/1) D:4            Lair (1/6) D:11
    Orc: D:9-12

Altars:
Ashenzari
Cheibriados
Dithmenos
Fedhas
Gozag
Hepliaklqana
Kikubaaqudgha
Makhleb
Nemelex Xobeh
Okawaru
Qazlal
Ru
Sif Muna
Trog
Uskayaw
Vehumet
Wu Jian
Xom
Zin
The Shining One
Beogh

Shops:
D:8 *

Annotations:
D:5 2 runed doors, Protee's ghost, novice BaFi


Innate Abilities, Weirdness & Mutations

You have sharp fingernails.
You are completely covered in yellow scales. (AC +4, rCorr)
Your flesh is cold resistant. (rC+)
You are immune to freezing clouds.
You have claws for feet.


Message History

The crocodile bites you but does no damage.
You claw the black mamba! Your claw misses the black mamba.
The black mamba is moderately wounded.
The black mamba bites you.
The black mamba bites you but does no damage.
The crocodile bites you but does no damage.
Your chain mail of Esih prevents you from hitting the black mamba.
The black mamba is moderately wounded.
The black mamba barely misses you.
You barely miss the black mamba. You claw the black mamba.
The black mamba is moderately wounded.
The black mamba bites you! The crocodile closely misses you.
The black mamba bites you!
* * * LOW HITPOINT WARNING * * *
You claw the black mamba!
The black mamba is severely wounded.
The black mamba bites you!
* * * LOW HITPOINT WARNING * * *
The crocodile bites you!
You die...

..................
..................
...........)......
..................
..................
.........รท........
.........<........
........St........
.........@........
..................
..................
..................
.................
................
................
.....##....###.


You could see a black mamba and a crocodile.

Vanquished Creatures
  Erolcha (D:10)
  Erica (D:11)
  2 two-headed ogres (D:9)
  A centaur skeleton (D:10)
  A troll (D:11)
  3 slime creatures
  3 hippogriffs
  Sigmund (D:4)
  A spriggan (D:11)
  2 wyverns
  10 yaks
  Grum (D:9)
  An acid dragon (D:11)
  2 water moccasins
  A porcupine (Lair:1)
  A soldier ant (D:11)
  3 orc warriors
  2 sky beasts
  3 ice beasts
  A black bear (Lair:1)
  A necrophage (D:7)
  2 phantoms
  5 ogres
  5 wolves
  2 centaurs
  8 bullfrogs
  2 scorpions
  3 killer bees (D:10)
  6 wights
  A bullfrog zombie (D:9)
  2 crimson imps
  A jelly (D:6)
  2 quasits
  3 hounds
  2 bullfrog skeletons (D:9)
  4 orc priests
  3 iguanas
  12 orc wizards
  6 worker ants
  2 killer bee zombies (D:8)
  A hound zombie (D:10)
  Robin (D:2)
  A howler monkey zombie (D:6)
  8 gnolls
  14 adders
  4 shadow imps
  An ooze (D:2)
  2 adder skeletons
  A worm (D:5)
  2 dart slugs
  3 leopard geckos
  27 orcs
  12 bats
  11 giant cockroaches
  14 goblins
  9 hobgoblins
  14 jackals
  6 quokkas
  A ball python (D:1)
  3 frilled lizards
  9 kobolds
  A leopard gecko skeleton (D:5)
  A quokka zombie (D:9)
  7 rats
266 creatures vanquished.

Vanquished Creatures (others)
  A fungus (Lair:1)
1 creature vanquished.

Grand Total: 267 creatures vanquished

Notes
Turn   | Place    | Note
-------+----------+-------------------------------------------
     0 | D:1      | kae the Demonspawn Transmuter began the quest for the Orb.
     0 | D:1      | Reached XP level 1. HP: 15/15 MP: 3/3
   315 | D:1      | Gained mutation: You are partially covered in yellow scales. (AC +2) [demonic ancestry]
   315 | D:1      | Reached XP level 2. HP: 21/21 MP: 3/5
   330 | D:1      | Learned a level 2 spell: Sticks to Snakes
  1079 | D:1      | Gained mutation: Your flesh is cold resistant. (rC+) [demonic ancestry]
  1079 | D:1      | Reached XP level 3. HP: 26/26 MP: 6/6
  1386 | D:2      | Noticed Robin
  1666 | D:2      | Learned a level 3 spell: Spider Form
  1864 | D:2      | Gained mutation: You are immune to freezing clouds. [demonic ancestry]
  1864 | D:2      | Reached XP level 4. HP: 29/33 MP: 7/7
  1987 | D:2      | Killed Robin
  2825 | D:2      | Gained mutation: You are mostly covered in yellow scales. (AC +3) [demonic ancestry]
  2825 | D:2      | Reached XP level 5. HP: 10/38 MP: 9/9
  3980 | D:3      | Reached XP level 6. HP: 42/45 MP: 10/10
  4568 | D:4      | Noticed an orc warrior
  4880 | D:4      | Noticed Sigmund
  4893 | D:4      | Killed Sigmund
  4893 | D:4      | Gained mutation: You have sharp fingernails. [demonic ancestry]
  4893 | D:4      | Reached XP level 7. HP: 27/51 MP: 12/12
  5387 | D:4      | Reached skill level 5 in Unarmed Combat
  5498 | D:4      | Found a staircase to the Ecumenical Temple.
  5538 | D:4      | Found a roughly hewn altar of Beogh.
  5716 | Temple   | Entered the Ecumenical Temple
  6051 | D:4      | Found a hide-covered altar of Uskayaw.
  6051 | D:4      | Found an ancient bone altar of Kikubaaqudgha.
  6052 | D:4      | Found a radiant altar of Vehumet.
  6083 | D:5      | Entered Level 5 of the Dungeon
  6095 | D:5      | Reached skill level 5 in Transmutations
  6355 | D:5      | HP: 3/78 [something (5)]
  6358 | D:5      | Gained mutation: You are completely covered in yellow scales. (AC +4, rCorr) [demonic ancestry]
  6358 | D:5      | Reached XP level 8. HP: 4/60 MP: 12/14
  6797 | D:5      | Found a runed door.
  6797 | D:5      | Noticed Protee's ghost (novice BaFi)
  7202 | D:5      | Found a shimmering altar of Xom.
  7202 | D:5      | Found a faded altar of an unknown god.
  7207 | D:5      | Found a burning altar of Makhleb.
  7209 | D:5      | Found an iron altar of Okawaru.
  7211 | D:5      | Found an opulent altar of Gozag.
  7315 | D:5      | Became a worshipper of Warmaster Okawaru
  7425 | D:5      | Found a runed door.
  8127 | D:6      | Reached skill level 1 in Invocations
  8288 | D:6      | Found a stormy altar of Qazlal.
  8641 | D:6      | Reached * piety under Okawaru
  9083 | D:7      | Reached XP level 9. HP: 51/66 MP: 16/16
  9854 | D:8      | Reached skill level 5 in Fighting
  9885 | D:8      | Reached skill level 5 in Spellcasting
 10189 | D:8      | Found Izosch's Assorted Antiques.
 10198 | D:8      | Bought a shimmering pewter ring for 160 gold pieces
 10198 | D:8      | Bought a scorched chain mail for 304 gold pieces
 10198 | D:8      | Bought a scroll labeled ISIREU NEDANIX for 32 gold pieces
 10200 | D:8      | Identified the ring "Koqoekk" {rElec rF+++ rC- Str+3 Int-5} (You bought it in a shop on level 8 of the Dungeon)
 10473 | D:9      | Noticed Grum
 10595 | D:9      | Killed Grum
 10598 | D:9      | Reached ** piety under Okawaru
 10880 | D:9      | Reached XP level 10. HP: 52/74 MP: 18/18
 10990 | D:9      | Noticed a two-headed ogre
 11014 | D:9      | Killed a two-headed ogre
 11287 | D:9      | Reached skill level 5 in Invocations
 11291 | D:9      | Reached *** piety under Okawaru
 11360 | D:9      | Found a deep blue altar of Sif Muna.
 11360 | D:9      | Found a blossoming altar of Fedhas.
 11398 | D:9      | Noticed a two-headed ogre
 11421 | D:9      | Killed a two-headed ogre
 11540 | D:10     | Entered Level 10 of the Dungeon
 11796 | D:10     | Reached **** piety under Okawaru
 11957 | D:10     | Noticed Erolcha
 11969 | D:10     | Killed Erolcha
 11969 | D:10     | Reached XP level 11. HP: 81/81 MP: 20/20
 12483 | D:9      | You fall through a shaft for 2 floors!
 12672 | D:11     | Noticed a red ugly thing
 12685 | D:11     | Found a staircase to the Lair.
 13364 | D:11     | Found a blossoming altar of Fedhas.
 13741 | D:11     | Noticed Erica
 13754 | D:11     | Killed Erica
 13793 | D:11     | Identified the +5 chain mail of Esih {rPois Int+2} (You bought it in a shop on level 8 of the Dungeon)
 14333 | Lair:1   | Entered Level 1 of the Lair of Beasts
 14353 | Lair:1   | Identified a scroll of acquirement
 14402 | Lair:1   | Slain by a crocodile

Vault maps used:
D:1:      ncdulo_smallfort
D:2:      uniq_robin
D:3:      portal_sewer_entry_b
D:4:      nicolae_overflow_hidden_temple, minmay_temple_entry_junction_2,
          kennysheep_orc_chapel, uniq_sigmund
D:5:      chequers_temple_overflow_minitemple, first_ration,
          gammafunk_ghost_grave, uniq_crazy_yiuf_cottage
D:6:      grunt_qazlal_sundering
D:7:      serial_shops, kennysheep_mini
D:8:      serial_shops, shop
D:9:      minitemple, uniq_grum
D:10:     uniq_erolcha
D:11:     lair_entry_dummy, the_bakery, fedhas_altar_fruit_tree, uniq_erica
Temple:   zaba_magenta_temple
Lair:1:   grunt_forest_stairs_basic, minmay_lair_oklob_chamber,
          grunt_megastairs_1

Skill      XL: |  1  2  3  4  5  6  7  8  9 10 11 |
---------------+----------------------------------+-----
Transmutations | 2 3 4 5 6 7 9 |  9.5
Unarmed Combat | 3 4 5 6 7 9 |  9.7
Fighting       | 2 3 4 5 6 7 |  7.2
Spellcasting   | 3 4 5 6 |  6.8
Invocations    | 1 4 6 7 |  7.1
Dodging        | |  1.7

Action                   |  1- 3 |  4- 6 |  7- 9 | 10-12 || total
-------------------------+-------+-------+-------+-------++-------
Melee: Unarmed           |   121 |   206 |   445 |   301 ||  1073
       Kick              |     7 |       |       |    11 ||    18
       Punch             |     1 |     4 |     8 |     6 ||    19
 Cast: Beastly Appendage |     9 |     1 |       |     4 ||    14
       Spider Form       |     1 |    21 |    33 |    20 ||    75
       Sticks to Snakes  |       |       |     2 |     4 ||     6
Invok: Heroism           |       |       |     8 |    18 ||    26
  Use: Scroll            |     4 |     5 |     6 |     4 ||    19
       Potion            |       |     2 |     2 |     1 ||     5
 Stab: Sleeping          |       |     1 |     2 |     2 ||     5
  Eat: Chunk             |     4 |    13 |    13 |    13 ||    43
       Ration            |       |       |     3 |       ||     3
Armor: Robe              |    14 |       |       |       ||    14
       Leather armour    |    39 |    56 |    65 |    42 ||   202
       Skin              |     1 |     7 |    19 |     2 ||    29
       Chain mail        |       |       |       |    44 ||    44
Dodge: Dodged            |   108 |   187 |   321 |   219 ||   835

Table legend:
 A = Spawn XP
 B = Non-spawn XP
 C = Spawn XP percentage of total XP
 D = Spawn monster count
 E = Non-spawn monster count
 F = Spawn count percentage of total count
 G = Total turns spent on level
                    A         B        C        D         E        F      G
               +---------+---------+-------+---------+---------+-------+---------
         Total |       0 |   16260 |   0.0 |       0 |     266 |   0.0 | 14402
               +---------+---------+-------+---------+---------+-------+---------
           D:1 |       0 |      51 |   0.0 |       0 |      29 |   0.0 |  1583
           D:2 |       0 |     231 |   0.0 |       0 |      48 |   0.0 |  2181
           D:3 |       0 |     316 |   0.0 |       0 |      26 |   0.0 |  1295
           D:4 |       0 |     552 |   0.0 |       0 |      19 |   0.0 |   947
           D:5 |       0 |     928 |   0.0 |       0 |      27 |   0.0 |  1700
           D:6 |       0 |     655 |   0.0 |       0 |      14 |   0.0 |  1273
           D:7 |       0 |     548 |   0.0 |       0 |       6 |   0.0 |   635
           D:8 |       0 |    1072 |   0.0 |       0 |      14 |   0.0 |   895
           D:9 |       0 |    4499 |   0.0 |       0 |      34 |   0.0 |  1174
          D:10 |       0 |    3924 |   0.0 |       0 |      25 |   0.0 |   961
          D:11 |       0 |    2571 |   0.0 |       0 |      18 |   0.0 |  1612
        Lair:1 |       0 |     913 |   0.0 |       0 |       6 |   0.0 |    69
               +---------+---------+-------+---------+---------+-------+---------
